AoeStats
← le avispe

Four Lakes

509760894Analyzed
1v1 RM · 5d ago on Sep 27, 2026· 39m 36s· 2 players
Game mode
Random Map
Map size
Tiny (2 player)
Population
200
Speed
Normal
Resources
Standard
Victory
Conquest
Starting age
Dark Age
Ending age
Imperial Age
RankedLock teamsTeams togetherTeam positionsShared explorationLock speedFull tech treeHidden civsTurbo modeCheats
Victory
Defeat
🇦🇷 Spanish · Argentina
1248
+18
🇵🇪 Britons · Peru
1282
-18
le avispe
8:41 Loom
11:15 Feudal Age
12:14 Double-Bit Axe
12:42 Fishing Lines
18:44 Castle Age
16:39 Gold Mining
18:24 Bloodlines
19:46 Bow Saw
20:07 Scale Barding Armor
20:43 Husbandry
24:54 Horse Collar
26:13 Padded Archer Armor
28:20 Heavy Plow
36:46 Forging
40:49 Imperial Age
38:05 Town Watch
40:03 Stone Mining
garthony
11:48 Feudal Age
10:15 Loom
12:18 Double-Bit Axe
20:01 Castle Age
18:18 Fletching
20:17 Crossbowman
21:10 Bodkin Arrow
25:19 Ballistics
Connection lost

Rejoining the realm…

Still unreachable

The connection could not be restored.

Session expired

The server has moved on; the page needs a fresh start.